 Dungeon Crawl Stone Soup version 0.29-a0-816-g82769f0e0c (webtiles) character file.

Game seed: 5459894100789065578

247 Garessta the Changer (level 5, -2/22 HPs)
             Began as a Felid Transmuter on July 5, 2022.
             Was a Follower of Yredelemnul.
             Killed by divine providence
             ... invoked by an orc priest
              (12 damage)
             ... on level 4 of the Dungeon.
             The game lasted 00:14:48 (3912 turns).

Garessta the Changer (Felid Transmuter)             Turns: 3912, Time: 00:14:48

Health: -2/22      AC:  1    Str:  6    XL:     5   Next: 85%
Magic:  3/9        EV: 18    Int: 17    God:    Yredelemnul [*.....]
Gold:   169        SH:  0    Dex: 16    Spells: 2/8 levels left
                                        Lives:  0   Deaths: 1

rFire   . . .      SeeInvis +     - Unarmed
rCold   . . .      Faith    .   (shield unavailable)
rNeg    . . .      Spirit   .   (body armour unavailable)
rPois   +          Reflect  .   (helmet unavailable)
rElec   .          Harm     .   (cloak unavailable)
rCorr   .          Rampage  .   (gloves unavailable)
Will    .....                   (boots unavailable)
Stlth   +.........              (no amulet)
HPRegen 0.07/turn               d - ring of poison resistance
MPRegen 0.11/turn               (no ring)

@: quick
A: very small, claws 1, fangs 3, see invisible, speed 1, shaggy fur 1, stealthy
paws, no weapons or thrown items, no armour, multi-lived
a: Renounce Religion, Recall Undead Harvest


You were on level 4 of the Dungeon.
You worshipped Yredelemnul.
Yredelemnul was noncommittal.
You visited 1 branch of the dungeon, and saw 4 of its levels.
You also visited: Sewer.

You collected 169 gold pieces.

Inventory:

Jewellery
 d - a ring of poison resistance (left paw)
Scrolls
 b - a scroll of vulnerability {unknown}
 e - a scroll of summoning {unknown}
 f - 2 scrolls of amnesia {unknown}
 g - 3 scrolls of teleportation {unknown}
 h - 2 scrolls of magic mapping
 l - a scroll of enchant armour {unknown}
 p - a scroll of enchant weapon {unknown}
 q - 3 scrolls of blinking {unknown}
Potions
 a - a potion of lignification
 c - 2 potions of heal wounds
 i - a potion of brilliance
 j - a potion of cancellation {unknown}
 k - 6 potions of haste {unknown}
 m - a potion of attraction {unknown}
 n - 2 potions of curing
 o - 2 potions of magic {unknown}
 r - a potion of mutation
 s - a potion of invisibility {unknown}
 t - a potion of resistance {unknown}


   Skills:
 - Level 1.6 Fighting
 - Level 3.2 Dodging
 - Level 3.2 Unarmed Combat
 - Level 2.3 Spellcasting
 + Level 5.2 Transmutations
 + Level 1.8 Ice Magic
 - Level 2.7 Poison Magic


You had 2 spell levels left.
You knew the following spells:

 Your Spells              Type           Power      Damage    Failure   Level
a - Beastly Appendage     Tmut           38%        N/A       2%          1
b - Wereblood             Tmut           19%        N/A       3%          2
c - Spider Form           Tmut/Pois      15%        N/A       11%         3

Your spell library contained the following spells:

 Spells                   Type           Power      Damage    Failure   Level
 Ice Form                 Ice/Tmut       13%        N/A       41%         4


Dungeon Overview and Level Annotations

Branches:
Dungeon (4/15)              Sewer (visited)
 Temple: D:4-7

Altars:
Yredelemnul
The Shining One


Innate Abilities, Weirdness & Mutations

You have sharp claws.
You have razor-sharp teeth.
You have supernaturally acute eyesight. (SInv)
You cover ground quickly. (Speed+)
You are covered in fur. (AC +1)
Your paws help you pounce on unaware monsters.
You are incapable of wielding weapons or throwing items.
You cannot wear armour.
You gain extra lives every three experience levels.


Message History

The orc priest miscasts a cantrip.
Your orc wizard zombie hits the orc priest but does no damage.
You scratch the orc priest.
The orc priest is severely wounded.
Your orc wizard zombie hits the orc priest.
Your iguana zombie closely misses the orc priest.
The orc priest calls down the wrath of Beogh upon you.
Beogh smites you! The orc priest closely misses you.
You scratch the orc priest.
The orc priest is almost dead.
Your orc wizard zombie hits the orc priest.
Your iguana zombie closely misses the orc priest.
Your orc wizard zombie hits the orc priest but does no damage.
The orc priest closely misses you. The orc priest misses you.
You scratch the orc priest but do no damage.
The orc priest is almost dead.
Your orc wizard zombie hits the orc priest.
The orc priest hits you with a +0 dagger.
The orc priest hits you with a +0 club.
Your iguana zombie barely misses the orc priest.
You claw the orc priest!
You kill the orc priest!
The dead are walking!
Your orc wizard zombie closely misses the orc priest.
The orc priest barely misses you.
You scratch the orc priest.
The orc priest is almost dead.
Your horns disappear.
Your orc wizard zombie barely misses the orc priest.
The orc priest misses you.
You completely miss the orc priest.
The orc priest is almost dead.
Your orc wizard zombie barely misses the orc priest.
Your iguana zombie barely misses the orc priest.
Your orc wizard zombie closely misses the orc priest.
The orc priest calls down the wrath of Beogh upon you.
Beogh smites you!
Ouch! That really hurt!
You die...
Your body rises from the dead as a mindless zombie.

#.# #.# #.#
#####.##############oo
........)....ZZ.Z5....
##.##...#....#########
.#.####.#....###########
........+......oZ)......
.#.####.#....)ZZ@Z####
.....##.###.......#
..................#
..................#
..................#
.....†.....########
.#.####.#### .#†####...
.........##


You could see an orc priest (ally target), a friendly iguana zombie, a friendly
orc priest zombie and 2 friendly orc wizard zombies.

Vanquished Creatures
  A kobold brigand (Sewer)
  An orc priest (D:4)
  An orc wizard (D:4)
  An iguana (D:4)
  7 adders
  An ufetubus (D:4)
  3 worms (D:2)
  2 dart slugs
  9 endoplasms
  3 giant cockroaches
  3 goblins
  4 hobgoblins
  3 jackals (D:2)
  4 quokkas
  9 ball pythons
  2 bats
  7 frilled lizards
  15 kobolds
  4 rats
80 creatures vanquished.

Vanquished Creatures (collateral kills)
  An orc wizard (D:4)
  An adder (D:3)
  A white imp (D:4)
  2 worms (D:3)
  A dart slug (D:4)
  3 orcs
  A ball python (D:2)
  An endoplasm (D:3)
  A giant cockroach (D:2)
  A goblin (D:3)
  A jackal (D:2)
  A quokka (D:4)
  A bat (D:2)
  2 kobolds (Sewer)
  A rat (Sewer)
19 creatures vanquished.

Vanquished Creatures (others)
  3 adder zombies
  A bat zombie (Sewer)
  2 ball python zombies (Sewer)
  2 frilled lizard zombies
  4 kobold zombies
  2 orc zombies (D:4)
  A quokka zombie (D:4)
  A rat zombie (D:3)
  A spectral ufetubus (D:4)
  2 fungi (Sewer)
  A plant (Sewer)
20 creatures vanquished.

Grand Total: 119 creatures vanquished

Notes
Turn   | Place    | Note
-------+----------+-------------------------------------------
     0 | D:1      | Garessta the Felid Transmuter began the quest for the Orb.
     0 | D:1      | Reached XP level 1. HP: 9/9 MP: 4/4
   563 | D:1      | Reached XP level 2. HP: 12/12 MP: 4/6
   566 | D:1      | Learned a level 2 spell: Wereblood
  1711 | D:1      | Found a faded altar of an unknown god.
  1723 | D:1      | Prayed at the altar of an unknown god.
  1723 | D:1      | Became a worshipper of Yredelemnul the Dark
  1723 | D:1      | Reached * piety under Yredelemnul
  1937 | D:2      | Reached XP level 3. HP: 14/15 MP: 4/7
  1941 | D:2      | Learned a level 3 spell: Spider Form
  2103 | D:2      | Reached skill level 3 in Transmutations
  2221 | D:2      | Reached skill level 1 in Poison Magic
  2238 | D:2      | Reached ** piety under Yredelemnul
  2529 | D:3      | Reached XP level 4. HP: 19/19 MP: 6/8
  2622 | D:3      | Found a glowing golden altar of the Shining One.
  2708 | D:3      | Found a glowing drain.
  2748 | Sewer    | Entered a sewer
  3153 | Sewer    | Noticed a kobold brigand
  3171 | Sewer    | Killed a kobold brigand
  3172 | Sewer    | Reached skill level 4 in Transmutations
  3172 | Sewer    | Reached XP level 5. HP: 19/22 MP: 4/9
  3661 | D:4      | Slain by an iguana
  3662 | D:4      | Reached XP level 4. HP: 0/19 MP: 5/8
  3671 | D:4      | Reached XP level 5. HP: 15/22 MP: 9/9
  3782 | D:4      | Reached skill level 1 in Ice Magic
  3896 | D:4      | Reached skill level 5 in Transmutations
  3912 | D:4      | Killed from afar by an orc priest

Illustrated notes

Levels and vault maps discovered:
D:1:      dpeg_arrival_water_fire, layout_basic,
          hellmonk_ecumenical_altar_pennies_from_heaven
D:2:      layout_rooms
D:3:      layout_basic, nicolae_tso_carved_into_rock, portal_sewer_entry_b
D:4:      layout_basic

Skill      XL: |  1  2  3  4  5 |
---------------+----------------+-----
Dodging        | 3 |  3.2
Transmutations | 3 4 5 |  5.2
Poison Magic   | 1 2 |  2.7
Ice Magic      | 1 |  1.8
Fighting       | |  1.6
Unarmed Combat | |  3.2
Spellcasting   | |  2.3

Action                   |  1- 3 |  4- 6 || total
-------------------------+-------+-------++-------
Melee: Unarmed           |    91 |   148 ||   239
       Headbutt          |    16 |    22 ||    38
       Bite              |    11 |    13 ||    24
       Punch             |     3 |     2 ||     5
 Cast: Beastly Appendage |    30 |    24 ||    54
       Wereblood         |     2 |     5 ||     7
       Spider Form       |       |     5 ||     5
Invok: Recall Undead Har |     7 |     8 ||    15
  Use: Scroll            |       |     5 ||     5
       Potion            |       |     2 ||     2
 Stab: Sleeping          |     4 |     1 ||     5
       Distracted        |       |     1 ||     1
Armor: Skin              |     3 |     7 ||    10
Dodge: Dodged            |    66 |   124 ||   190

Table legend: (Time is in decaauts)
 A = Elapsed time spent in this place.
 B = Non-inter-level travel time spent in this place.
 C = Inter-level travel time spent in this place.
 D = Time resting spent in this place.
 E = Time spent auto-exploring this place.
 F = Levels seen in this place.
 G = Mean time per level.
                   A        B        C        D        E       F      G
               +--------+--------+--------+--------+--------+-----+--------+
         Total |   3526 |   3435 |     91 |    166 |   2545 |   5 |  705.2 |
       Dungeon |   3063 |   2972 |     91 |    122 |   2264 |   4 |  765.8 |
         Sewer |    463 |    463 |      0 |     44 |    281 |   1 |  463.0 |
               +--------+--------+--------+--------+--------+-----+--------+

Top non-repeatable levels by time:
     D:1: 1658 daAuts
     D:2: 595 daAuts
     D:3: 494 daAuts
   Sewer: 463 daAuts
     D:4: 315 daAuts
